 Dungeon Crawl Stone Soup version 0.29.1-15-g9cfb28693d (webtiles) character file.

Game seed: 8369666104979511324

131 Heoruswealwe the Digger (level 4, -4/24 HPs)
             Began as a Deep Elf Earth Elementalist on Apr 3, 2023.
             Slain by a water moccasin skeleton (6 damage)
             ... on level 3 of the Dungeon.
             The game lasted 00:23:31 (2064 turns).

Heoruswealwe the Digger (DEEE)                      Turns: 2064, Time: 00:23:32

Health: -4/24      AC:  3    Str:  5    XL:     4   Next: 91%
Magic:  1/12       EV: 12    Int: 22    God:
Gold:   130        SH:  0    Dex: 15    Spells: 1/11 levels left

rFire   . . .      SeeInvis .   e - staff of conjuration
rCold   . . .      Faith    .   (no shield)
rNeg    . . .      Spirit   .   a - +1 robe
rPois   .          Reflect  .   (no helmet)
rElec   .          Harm     .   k - scarf {repulsion}
rCorr   .          Rampage  .   (no gloves)
Will    .....                   (no boots)
Stlth   ++........              (no amulet)
HPRegen 0.08/turn               (no ring)
MPRegen 0.13/turn               (no ring)

@: repel missiles
A: no striking features
a: no special abilities


You were on level 3 of the Dungeon.
You visited 1 branch of the dungeon, and saw 3 of its levels.

You collected 130 gold pieces.

Inventory:

Armour
 a - a +1 robe (worn)
 k - a scarf of repulsion (worn)
Magical Staves
 e - a staff of conjuration (weapon)
 m - a staff of cold
Scrolls
 c - a scroll of identify {unknown}
 g - a scroll of enchant armour
 h - a scroll of enchant weapon {unknown}
 j - 2 scrolls of teleportation {unknown}
Potions
 b - a potion of magic
 d - a potion of might {unknown}
 f - 2 potions of cancellation {unknown}
 i - 3 potions of brilliance {unknown}
 l - a potion of curing {unknown}


   Skills:
 - Level 2.4 Dodging
 - Level 2.4 Stealth
 + Level 4.1 Spellcasting
 + Level 2.1 Conjurations
 + Level 2.5 Transmutations
 + Level 4.1 Earth Magic
 + Level 1.6 Evocations


You had one spell level left.
You knew the following spells:

 Your Spells              Type           Power      Damage    Failure   Level
a - Sandblast             Erth           44%        2d11      1%          1
b - Stone Arrow           Conj/Erth      54%        3d10      10%         3
c - Petrify               Tmut/Erth      19%        N/A       28%         4
z - Passwall              Tmut/Erth      15%        N/A       4%          2

Your spell library contained the following spells:

 Spells                   Type           Power      Damage    Failure   Level
 Freeze                   Ice            16%        1d4       11%         1
 Frozen Ramparts          Ice            8%         1d2       32%         3
 Gell's Gravitas          Tloc           4%         N/A       32%         3
 Lesser Beckoning         Tloc           4%         N/A       32%         3
 Teleport Other           Tloc           4%         N/A       32%         3
 Hailstorm                Conj/Ice       13%        3d5       56%         4


Dungeon Overview and Level Annotations

Branches:
Dungeon (3/15)

Altars:
Elyvilon
Makhleb
Ru


Message History

Casting: Sandblast (safe; 2% risk of failure)
Confirm with . or Enter, or press ? or * to list all spells.
Aiming: Sandblast (safe; 2% risk of failure)
Press: ? - help, Shift-Dir - straight line, f/p - hitsuchi's ghost
Aim: hitsuchi's ghost (heavily damaged, 79% to hit)
The blast of sand hits hitsuchi's ghost.
Hitsuchi's ghost is severely damaged.
Hitsuchi's ghost misses you. Hitsuchi's ghost closely misses you.
Casting: Sandblast (safe; 2% risk of failure)
Confirm with . or Enter, or press ? or * to list all spells.
Aiming: Sandblast (safe; 2% risk of failure)
Press: ? - help, Shift-Dir - straight line, f/p - hitsuchi's ghost
Aim: hitsuchi's ghost (severely damaged, 79% to hit)
The blast of sand hits hitsuchi's ghost.
Hitsuchi's ghost is almost destroyed.
Hitsuchi's ghost barely misses you.
Casting: Sandblast (safe; 2% risk of failure)
Confirm with . or Enter, or press ? or * to list all spells.
Aiming: Sandblast (safe; 2% risk of failure)
Press: ? - help, Shift-Dir - straight line, f/p - hitsuchi's ghost
Aim: hitsuchi's ghost (almost destroyed, 79% to hit)
The blast of sand hits hitsuchi's ghost but does no damage.
Hitsuchi's ghost is almost destroyed.
Hitsuchi's ghost misses you. Hitsuchi's ghost hits you!
* * * LOW HITPOINT WARNING * * *
Casting: Sandblast (safe; 2% risk of failure)
Confirm with . or Enter, or press ? or * to list all spells.
Aiming: Sandblast (safe; 2% risk of failure)
Press: ? - help, Shift-Dir - straight line, f/p - hitsuchi's ghost
Aim: hitsuchi's ghost (almost destroyed, 79% to hit)
The blast of sand hits hitsuchi's ghost.
You destroy hitsuchi's ghost!
The water moccasin skeleton bites you but does no damage.
Your Spellcasting skill increases to level 4!
Your Conjurations skill increases to level 2!
Your Earth Magic skill increases to level 4!
As you read the scroll labelled QITEZEO FAPT, it crumbles to dust.
It is a scroll of enchant armour.
Your +0 robe glows green for a moment.
The water moccasin skeleton bites you.
You die...

#+# #.# #.# ##.##
##...##
#.#########[....#
#..........<...##
######@#####.######.#
#Z## #........# #Z.#
#.######## ###.####.#
#.....##.# #.....##.#
### ###'''###.# #..
#..Z....#.# #.#
##"....##.########.#


You could see 2 water moccasin skeletons.

Vanquished Creatures
  The ghost of hitsuchi the Slasher, a weakling MeWn of Wu Jian (D:3)
  A howler monkey zombie (D:3)
  3 adders (D:3)
  2 worms
  An orc (D:3)
  3 endoplasms
  3 giant cockroaches
  6 goblins
  3 hobgoblins
  5 kobolds
  2 quokkas (D:1)
  2 ball pythons
  5 bats
  6 rats
43 creatures vanquished.

Vanquished Creatures (others)
  7 fungi (D:1)
  7 plants (D:1)
14 creatures vanquished.

Grand Total: 57 creatures vanquished

Notes
Turn   | Place    | Note
-------+----------+-------------------------------------------
     0 | D:1      | Heoruswealwe the Deep Elf Earth Elementalist began the
                  | quest for the Orb.
     0 | D:1      | Reached XP level 1. HP: 10/10 MP: 6/6
   508 | D:1      | Reached XP level 2. HP: 15/15 MP: 5/8
   511 | D:1      | Learned a level 2 spell: Passwall
   641 | D:1      | Reached skill level 1 in Conjurations
   846 | D:1      | Found a faded altar of an unknown god.
   917 | D:1      | Prayed at the altar of an unknown god.
   917 | D:1      | Became a worshipper of Ru the Awakened
   918 | D:1      | Fell from the grace of Ru
  1194 | D:2      | Reached XP level 3. HP: 9/19 MP: 0/10
  1550 | D:3      | Found a burning altar of Makhleb.
  1672 | D:3      | Learned a level 3 spell: Stone Arrow
  1796 | D:3      | Found a white marble altar of Elyvilon.
  1810 | D:3      | Reached skill level 1 in Evocations
  1893 | D:3      | Reached XP level 4. HP: 14/24 MP: 8/11
  1898 | D:3      | Learned a level 4 spell: Petrify
  2040 | D:3      | Found a runed translucent gate.
  2040 | D:3      | Found a runed translucent gate.
  2042 | D:3      | Found a runed translucent gate.
  2044 | D:3      | Noticed hitsuchi's ghost (weakling MeWn)
  2063 | D:3      | Killed hitsuchi's ghost
  2064 | D:3      | Slain by a water moccasin skeleton

Illustrated notes

Levels and vault maps discovered:
D:1:      dpeg_arrival_court, layout_basic,
          shapermc_ecumenical_altar_mp_urbaneastern
D:2:      layout_loops_ring
D:3:      layout_loops_corners, general_overflow_altar, elyvilon_altar_5,
          gammafunk_ghost_necromancy

Skill      XL: |  1  2  3  4 |
---------------+-------------+-----
Conjurations   | 1 2 |  2.1
Transmutations | 2 |  2.5
Evocations     | 1 |  1.6
Spellcasting   | 4 |  4.1
Earth Magic    | 4 |  4.1
Dodging        | |  2.4
Stealth        | |  2.4

Action                   |  1- 3 |  4- 6 || total
-------------------------+-------+-------++-------
Melee: Unarmed           |    65 |       ||    65
       Punch             |     1 |       ||     1
 Cast: Sandblast         |    57 |    13 ||    70
Invok: Renounce Religion |     1 |       ||     1
  Use: Scroll            |       |     1 ||     1
Armor: Robe              |     3 |     3 ||     6
Dodge: Dodged            |    14 |    10 ||    24
